 Dungeon Crawl Stone Soup version 0.23.0-3-gf3c87f2 (webtiles) character file.

Game seed: 7761777102400431592

112 Lanoc the Chopper (level 4, -5/38 HPs)
             Began as a Minotaur Gladiator on Feb 24, 2019.
             Slain by an ogre
             ... wielding a +0 giant club
              (18 damage)
             ... on level 3 of the Dungeon.
             The game lasted 00:02:38 (1180 turns).

Lanoc the Chopper (Minotaur Gladiator)              Turns: 1180, Time: 00:02:39

Health: -5/38      AC:  4    Str: 20    XL:     4   Next: 63%
Magic:  3/3        EV: 13    Int:  5    God:
Gold:   156        SH:  0    Dex: 11    Spells: 3/3 levels left

rFire    . . .     SeeInvis .   a - +0 war axe
rCold    . . .     Gourm    .   (no shield)
rNeg     . . .     Faith    .   b - +0 leather armour
rPois    .         Spirit   .   c - +1 hat
rElec    .         Reflect  .   (no cloak)
rCorr    .         Harm     .   (no gloves)
MR       .....                  (no boots)
Stlth    +.........             (no amulet)
HPRegen  0.12/turn              (no ring)
MPRegen  0.08/turn              (no ring)

@: very slightly contaminated
A: retaliatory headbutt, horns 2
a: no special abilities


You were on level 3 of the Dungeon.
You were hungry.

You visited 1 branch of the dungeon, and saw 4 of its levels.

You collected 156 gold pieces.

Inventory:

Hand Weapons
 a - a +0 war axe (weapon)
Missiles
 d - 3 throwing nets (quivered)
Armour
 b - a +0 leather armour (worn)
 c - a +1 hat (worn)
Jewellery
 j - an uncursed amulet of faith
Scrolls
 g - a scroll of enchant armour
 h - a scroll of blinking
 l - 2 scrolls of identify
Potions
 e - a potion of heal wounds
 n - a potion of mutation
Comestibles
 f - 3 rations
 q - 3 chunks of flesh


   Skills:
 + Level 3.3 Fighting
 * Level 5.0 Axes
 - Level 2.0 Throwing
 + Level 2.1 Armour
 + Level 3.9 Dodging


You had 3 spell levels left.
You didn't know any spells.
Your spell library was empty.

Dungeon Overview and Level Annotations

Branches:
Dungeon (4/15)
 Temple: D:4-7

Altars:
Wu Jian


Innate Abilities, Weirdness & Mutations

You reflexively headbutt those who attack you in melee.
You have a pair of horns on your head.


Message History

Found 14 gold pieces. 2 orcs come into view.
The orc shouts!
You hear a shout!
An orc wizard comes into view. It is wielding a +0 dagger.
Found a stone staircase leading up.
An orc comes into view. It is wielding a +0 war axe.
The orc wizard shouts!
The orc shouts!
An ogre comes into view. It is wielding a +0 giant club.
The orc wizard closely misses you. You furiously retaliate!
You headbutt the orc wizard.
There is a stone staircase leading up here.
The ogre hits you with a +0 giant club. The orc wizard barely misses you.
You climb upwards.
You hear the sound of rushing water.
There is an entrance to a sewer on this level.
Hurry and find it before the portal rusts away!
There is a stone staircase leading down here.
You see here a stone.
You barely miss the ogre. You closely miss the orc wizard.
The ogre hits you with a +0 giant club!!
You die...

#...##ยง# #..#(##.# #..
#..#!# #(. ##)#.# #.
#().# .$ ##..# .
#####.##### #.....<...#
#.....@O..# #......o..#
....%.....## ### ##
###........####8###8###
########.##8...8...8##.
#.##.........##.
#.#>...(....._#.
####.........###
###8...8...8###


You could see an ogre and an orc wizard.

Vanquished Creatures
  4 gnolls
  An adder (D:2)
  An ooze (D:2)
  A worm (D:2)
  2 dart slugs (D:1)
  3 leopard geckos (D:2)
  2 ball pythons
  2 giant cockroaches (D:2)
  8 goblins
  9 hobgoblins
  3 jackals (D:3)
  2 bats (D:1)
  4 frilled lizards
  A kobold (D:1)
  7 rats
50 creatures vanquished.

Notes
Turn   | Place    | Note
-------+----------+-------------------------------------------
     0 | D:1      | Lanoc the Minotaur Gladiator began the quest for the Orb.
     0 | D:1      | Reached XP level 1. HP: 18/18 MP: 0/0
    91 | D:1      | Reached XP level 2. HP: 18/25 MP: 1/1
   103 | D:1      | Reached skill level 4 in Axes
   234 | D:1      | Reached skill level 1 in Armour
   422 | D:1      | Reached XP level 3. HP: 30/30 MP: 2/2
   834 | D:2      | Reached XP level 4. HP: 27/38 MP: 3/3
  1122 | D:3      | Reached skill level 5 in Axes
  1152 | D:3      | Found an ornate altar of the Wu Jian Council.
  1172 | D:4      | Noticed an ogre
  1180 | D:3      | Slain by an ogre

Skill      XL: |  1  2  3  4 |
---------------+-------------+-----
Axes           | 4 5 |  5.0
Armour         | 1 2 |  2.1
Fighting       | 3 |  3.3
Throwing       | |  2.0
Dodging        | |  3.9

Action                   |  1- 3 |  4- 6 || total
-------------------------+-------+-------++-------
Melee: War axe           |    60 |    25 ||    85
       Headbutt          |    10 |     6 ||    16
  Use: Scroll            |       |     9 ||     9
Armor: Leather armour    |    10 |     1 ||    11
Dodge: Dodged            |    44 |    22 ||    66
